 Dungeon Crawl Stone Soup version 0.23-a0-448-g1c01f63 (webtiles) character file.

18 Dfrag the Firebug (level 2, 0/22 HPs)
             Began as a Naga Fire Elementalist on Nov 19, 2018.
             Slain by a worm (8 damage)
             ... on level 1 of the Dungeon.
             The game lasted 00:01:58 (659 turns).

Dfrag the Firebug (Naga Fire Elementalist)           Turns: 659, Time: 00:02:00

Health: 0/22       AC:  5    Str: 10    XL:     2   Next: 66%
Magic:  0/5        EV: 10    Int: 15    God:
Gold:   71         SH:  0    Dex: 11    Spells: 4/5 levels left

rFire    . . .     SeeInvis +   (no weapon)
rCold    . . .     Gourm    .   (no shield)
rNeg     . . .     Faith    .   a - +0 robe
rPois    +         Spirit   .   (no helmet)
rElec    .         Reflect  .   f - +0 cloak
rCorr    .         Harm     .   e - +2 pair of gloves
MR       .....                  (no barding)
Stlth    ++........             (no amulet)
HPRegen  0.07/turn              (no ring)
MPRegen  0.09/turn              (no ring)

@: very slow
A: large, see invisible, deformed body, poison resistance, slowness 2, slow
metabolism 1, spit poison 1, AC +0
a: Spit Poison


You were on level 1 of the Dungeon.
You were not hungry.

You visited 1 branch of the dungeon, and saw 2 of its levels.

You collected 71 gold pieces.

Inventory:

Armour
 a - a +0 robe (worn)
 e - a +2 pair of gloves (worn)
 f - a +0 cloak (worn)
Scrolls
 g - 3 scrolls of identify {unknown}
 h - a scroll of noise {unknown}
Potions
 b - 2 potions of ambrosia {unknown}
 d - a potion of curing {unknown}
 i - a potion of degeneration {unknown}
 j - a potion of lignification {unknown}
Comestibles
 c - 3 rations


   Skills:
 - Level 1.5 Dodging
 - Level 3.0 Stealth
 + Level 2.3 Spellcasting
 + Level 1.6 Conjurations
 + Level 3.3 Fire Magic


You had 4 spell levels left.
You knew the following spells:

 Your Spells              Type           Power        Failure   Level  Hunger
a - Flame Tongue          Conj/Fire      #....        8%          1    #......

Your spell library contained the following spells:

 Spells                   Type           Power        Failure   Level  Hunger
 Throw Flame              Conj/Fire      #.....       12%         2    ###....
 Conjure Flame            Conj/Fire      #.......     24%         3    ###....
 Inner Flame              Hex/Fire       #.......     32%         3    ###....
 Sticky Flame             Conj/Fire      #.......     61%         4    #####..
 Fireball                 Conj/Fire      #.........   91%         5    ######.


Dungeon Overview and Level Annotations

Branches:
Dungeon (2/15)

Altars:


Innate Abilities, Weirdness & Mutations

You cannot wear boots.
Your serpentine skin is tough. (AC +0)
You have supernaturally acute eyesight. (SInv)
Armour fits poorly on your strangely shaped body.
Your system is resistant to poisons. (rPois)
You cover ground very slowly.
You have a slow metabolism.
You can spit poison.


Message History

The jackal bites you but does no damage.
The worm barely misses you. The jackal completely misses you.
The jackal barely misses you.
You can't do that yet.
Unknown command.
Unknown command.
You barely miss the worm.
The worm is heavily wounded.
The jackal closely misses you. The jackal bites you. The worm bites you.
You hit the worm but do no damage.
The worm is moderately wounded.
The jackal bites you but does no damage.
The jackal barely misses you. x2
You barely miss the worm.
The worm is moderately wounded.
You have got your breath back.
The jackal barely misses you.
The jackal bites you but does no damage.
The jackal closely misses you. The worm bites you!
You die...

#.###.###.P## #.........# ##
#.# #..#.P..## #.........# #.
#.# ##....♣P.### #....>....#
#. #.# #.P♣♣♣♣...#
#.........# #. #.#
#...♣♣P...# #.........## #.
#.# #....P....#
#..........###. #.#
###........# #............#.
#.#
#........>.####.........##...
#.#
#.#........w@h#######.######.
#.###.#..).....##h.....##.#
####.
#.##..###.(##....#####.##.#
#.... #.##.## ##....PP..#
#....###.### #.##.#
#..P♣..P.# ###.........
#.##.# #..♣P♣.♣P# ###....#..
#.#..#####.♣.♣♣♣♣.#
###.#.....
#..............♣♣.#
#...#.....
###.####...P..P♣.###
##.###.....


You could see a worm and 2 jackals.

Vanquished Creatures
  2 giant cockroaches (D:1)
  A goblin (D:1)
  A hobgoblin (D:1)
  3 jackals (D:1)
  2 bats (D:1)
  A frilled lizard (D:1)
  2 kobolds (D:1)
  6 rats (D:1)
18 creatures vanquished.

Notes
Turn   | Place    | Note
-------+----------+-------------------------------------------
     0 | D:1      | Dfrag the Naga Fire Elementalist began the quest for the
                  | Orb.
     0 | D:1      | Reached XP level 1. HP: 15/15 MP: 3/3
    65 | D:1      | Reached XP level 2. HP: 22/22 MP: 0/5
   659 | D:1      | Slain by a worm

Vault maps used:
D:1:      dpeg_arrival_prison, serial_forest, infiniplex_forest_clump_small,
          infiniplex_forest_clump_tiny, infiniplex_forest_clump_small,
          infiniplex_forest_clump_large, infiniplex_forest_zigzag_1,
          infiniplex_forest_lined_room_2, infiniplex_forest_clump_medium
D:2:      overflow_temple_1_default, dk_noncrumbling_4, minmay_misc_feat_rows

Action                   || total
-------------------------++-------
Melee: Unarmed           ||     8
 Cast: Flame Tongue      ||    25
 Abil: Spit Poison       ||     8
Armor: Robe              ||    24
Dodge: Dodged            ||    46

Table legend:
 A = Non-vault XP
 B = Vault XP
 C = Vault XP percentage of total XP
 D = Non-vault monster count
 E = Vault monster count
 F = Vault count percentage of total count
                 A         B        C        D         E       F
            +---------+---------+-------+---------+---------+-------
      Total |      20 |       6 |  23.1 |      14 |       4 |  22.2
            +---------+---------+-------+---------+---------+-------
        D:1 |      20 |       6 |  23.1 |      14 |       4 |  22.2
            +---------+---------+-------+---------+---------+-------
